Map: Proxima Station LE

Players

ByuN - Winner!

  • Race: Terran Terran
  • Spawn Location: 1:00

Elazer

  • Race: Zerg Zerg
  • League: Master
  • Spawn Location: 7:00

Event: HomeStory Cup XV

VOD

Have the link to the VOD?

Description

Time

  • Played on: July 23, 2017, 2:14 p.m.
  • Length: 8:16

All games in this series

Show
View Real Time Build Order
Export as new Build Order

ByuN Terran - Winner!

Build Orders: MMM Bio 

Get SALT Encoding   

  12  0:00  SCV  
  13  0:12  SCV  
  14  0:17  Supply Depot  
  14  0:25  SCV  
  15  0:39  SCV  
  15  0:40  Barracks  
  16  0:44  Refinery  
  16  0:51  SCV  
  17  0:59  Barracks  
  17  1:03  SCV  
  18  1:15  SCV  
  19  1:20  Barracks  
  19  1:27  Reaper  
  20  1:37  Orbital Command  
  20  1:43  Refinery  
  20  1:46  Reaper  
  21  1:54  Supply Depot  
  21  2:02  Reaper  
  21  2:03  SCV  
  23  2:16  SCV, Reaper  
  25  2:24  Reaper, Supply Depot  
  25  2:28  SCV  
  27  2:35  Reaper  
  28  2:40  SCV  
  29  2:52  SCV  
  29  2:56  Command Center  
  30  3:00  Barracks Tech Lab  
  30  3:02  Barracks Reactor  
  30  3:05  SCV  
  31  3:09  Barracks Reactor  
  31  3:17  SCV  
  32  3:20  Marine  
  32  3:21  Stimpack  
  33  3:29  SCV  
  33  3:31  Supply Depot  
  33  3:33  Factory  
  34  3:41  SCV  
  35  3:43  Marine x3  
  35  3:46  Marine  
  39  3:52  Marine  
  39  3:53  SCV  
  41  3:58  Engineering Bay  
  41  4:05  SCV  
  41  4:08  Orbital Command  
  42  4:17  SCV, Factory Reactor  
  42  4:21  Starport  
  43  4:29  Marine x2, SCV  
  46  4:31  Marine  
  46  4:33  Marine  
  46  4:35  SCV  
  49  4:41  SCV  
  49  4:43  Terran Infantry Weapons Level 1  
  50  4:45  Marine  
  50  4:47  SCV  
  52  4:53  SCV  
  52  4:54  Marine x3  
  52  4:56  Marine  
  52  4:59  SCV  
  58  5:03  Supply Depot  
  58  5:04  Medivac  
  58  5:06  Medivac  
  62  5:20  Marine  
  62  5:22  Marine  
  62  5:23  SCV x2  
  62  5:24  Marine  
  62  5:25  Marine x2  
  62  5:26  Combat Shields  
  63  5:34  Command Center, Supply Depot  
  63  5:35  SCV x2  
  64  5:39  Marine x2  
  64  5:42  Marine x2  
  67  5:45  Supply Depot  
  69  5:55  Medivac x2  
  73  5:57  SCV x2  
  73  5:59  Supply Depot  
  73  6:00  Marine x2  
  73  6:01  Marine  
  78  6:07  Marine  
  79  6:18  SCV  
  79  6:19  SCV  
  79  6:21  Supply Depot  
  79  6:22  Marine x2, Barracks  
  79  6:23  Barracks  
  79  6:24  Factory Reactor  
  79  6:25  Marine  
  79  6:30  Marine x2  
  79  6:31  SCV x2  
  84  6:35  Refinery  
  84  6:36  Refinery  
  84  6:40  Reaper  
  84  6:43  SCV x2  
  84  6:45  Armory  
  87  6:49  Engineering Bay  
  87  6:51  Marine x3  
  87  6:54  Marine  
  91  6:59  Orbital Command  
  87  7:09  Marine x2, SCV x2  
  87  7:10  Marine  
  87  7:13  Barracks Reactor  
  87  7:14  Marine x3  
  95  7:21  SCV  
  95  7:22  SCV  
  97  7:26  Marine  
  98  7:32  Widow Mine x2  
  98  7:33  SCV  
  98  7:34  SCV  
  98  7:35  Marine x2  
  98  7:36  Marine  
  108  7:42  Barracks Reactor, Orbital Command  
  107  7:45  SCV  
  107  7:46  SCV  
  109  7:52  Supply Depot x2  
  109  7:55  Marine x4  
  109  7:58  SCV x2  
Show
View Real Time Build Order
Export as new Build Order

Elazer Zerg 

Build Orders: Hatch First 

Get SALT Encoding   

  12  0:00  Drone  
  13  0:12  Overlord  
  13  0:16  Drone  
  14  0:30  Drone x2  
  14  0:34  Drone  
  17  0:53  Hatchery  
  17  0:54  Drone  
  17  0:57  Drone  
  18  1:07  Extractor  
  17  1:12  Spawning Pool  
  17  1:15  Drone  
  17  1:19  Drone  
  18  1:28  Drone  
  19  1:39  Overlord  
  19  1:55  Drone  
  19  1:59  Queen  
  19  2:00  Zergling x2  
  23  2:06  Queen, Zergling x2  
  23  2:08  Metabolic Boost  
  26  2:13  Drone  
  27  2:29  Zergling x2  
  28  2:31  Drone x2  
  28  2:35  Spine Crawler  
  29  2:38  Queen  
  29  2:41  Queen  
  32  2:49  Drone x2  
  33  2:52  Drone  
  34  3:00  Drone  
  34  3:05  Overlord  
  34  3:22  Hatchery  
  34  3:24  Drone x3  
  34  3:26  Drone  
  37  3:34  Queen  
  37  3:37  Drone  
  40  3:42  Overlord  
  40  3:44  Drone  
  40  3:46  Drone  
  42  3:49  Drone  
  42  3:53  Overlord  
  43  4:03  Drone x4  
  43  4:04  Drone x2  
  49  4:18  Evolution Chamber, Overlord  
  49  4:19  Drone x3  
  49  4:20  Drone  
  52  4:25  Overlord  
  52  4:28  Drone  
  53  4:37  Zergling x2  
  53  4:38  Zergling x2  
  55  4:39  Zergling x2  
  55  4:44  Zerg Ground Armor Level 1, Zergling x2  
  55  4:45  Zergling x6  
  60  4:48  Zergling x4  
  60  4:52  Zergling x2  
  63  4:53  Zergling x4  
  63  4:55  Overlord  
  63  4:59  Baneling Nest  
  64  5:05  Extractor  
  63  5:07  Drone x2  
  63  5:08  Drone  
  63  5:12  Hatchery  
  65  5:17  Overlord  
  61  5:22  Drone x3  
  61  5:23  Drone x2  
  61  5:24  Zergling x2, Drone  
  61  5:25  Zergling x4  
  68  5:31  Zergling x4  
  70  5:35  Overlord  
  70  5:45  Overlord  
  70  5:46  Baneling x5  
  70  5:47  Baneling  
  70  5:48  Zergling x12  
  76  5:51  Baneling  
  76  5:54  Overlord  
  76  5:55  Extractor, Drone  
  76  5:58  Drone  
  76  6:03  Queen  
  79  6:04  Overlord  
  79  6:05  Lair  
  79  6:06  Drone  
  77  6:11  Overlord  
  77  6:14  Zergling x2  
  77  6:15  Zergling x8  
  77  6:17  Zergling x4  
  83  6:19  Overlord  
  83  6:22  Zergling x2  
  83  6:25  Overlord  
  83  6:32  Zergling x12  
  89  6:34  Zergling x2  
  89  6:39  Zergling x2  
  88  6:40  Zergling x2  
  88  6:45  Evolution Chamber, Zergling x2, Overlord  
  88  6:46  Zergling x4  
  91  6:50  Overlord  
  91  6:51  Zergling x2  
  91  6:52  Zergling x2  
  93  6:58  Overlord  
  93  7:00  Overlord  
  92  7:02  Drone x3  
  92  7:03  Drone x4  
  92  7:07  Overlord  
  92  7:08  Overlord  
  95  7:17  Drone  
  95  7:18  Drone x2  
  97  7:27  Overlord  
  97  7:33  Drone x3  
  97  7:34  Zergling x8  
  104  7:38  Drone x3  
  104  7:39  Drone  
  104  7:40  Drone  
  104  7:41  Drone  
  104  7:42  Drone  
  104  7:44  Drone  
  112  7:45  Drone  
  112  7:46  Extractor  
  112  7:50  Zergling x6  
  115  7:52  Zergling x2  
  115  7:55  Baneling x3  
Tags
 
Composition
MMM Bio
League
Master
Matchup
TvZ
Spawn Locations
Cross Positions
Add a new tag
Caveats
  • Supply blocks, unpowered buildings, or Contaminate may cause inaccurate times.
  • Supply counts are checked every 10 seconds.